 Dungeon Crawl Stone Soup version 0.18-a0-24-g6e14259 (webtiles) character file.

50 esc the Chucker (level 3, 0/39 HPs)
             Began as an Ogre Hunter on Nov 3, 2015.
             Slain by an adder (3 damage)
             ... on level 2 of the Dungeon.
             The game lasted 00:03:13 (1607 turns).

esc the Chucker (Ogre Hunter)                       Turns: 1607, Time: 00:03:13

Health: 0/39       AC:  4    Str: 17    XL:     3   Next: 79%
Magic:  3/3        EV: 10    Int: 13    God:
Gold:   152        SH:  0    Dex: 11    Spells: 0 memorised, 2 levels left

rFire  . . .     SeeInvis .     c - +0 short sword
rCold  . . .     Clarity  .     d - +0 robe
rNeg   . . .     SustAt   .     (no shield)
rPois  .         Gourm    .     (helmet restricted)
rElec  .         Spirit   .     (no cloak)
rCorr  .         Warding  .     (gloves unavailable)
rMut   .         Stasis   .     (boots unavailable)
MR     .....                    (no amulet)
Stlth  +.........               (no ring)
                                (no ring)

@: brilliant, lethally poisoned (0 -> -2), not resistant to hostile
enchantments, very unstealthy
A: unfitting armour, icy blue scales 1, dopey 1, screaming 1, tough skin 1
a: no special abilities


You were on level 2 of the Dungeon.
You were very hungry.

You visited 1 branch of the dungeon, and saw 2 of its levels.

You collected 152 gold pieces.

Inventory:

Hand Weapons
 c - a +0 short sword (weapon)
Missiles
 a - 5 large rocks (quivered) {!d}
 b - 2 throwing nets {=f, !d}
Armour
 d - a +0 robe (worn)
Scrolls
 g - a scroll of remove curse {unknown}
 j - 5 scrolls of identify {unknown}
 l - a scroll of blinking {unknown}
 m - a scroll of amnesia {unknown}
Potions
 h - 2 potions of resistance {unknown}
Comestibles
 e - a bread ration {@e1}


   Skills:
 + Level 3.7 Fighting
 + Level 4.4 Throwing
 + Level 2.5 Dodging
 - Level 0.7 Stealth


You had 2 spell levels left.
You didn't know any spells.

Dungeon Overview and Level Annotations

Branches:
Dungeon (2/15)

Altars:
Xom


Innate Abilities, Weirdness & Mutations

You are too large for most types of armour.
You have tough skin (AC +1).
You are partially covered in icy blue scales (AC +1).
You are dopey. (Int -2)
You occasionally shout uncontrollably at your foes.


Message History

The goblin moves out of view.
Health restored: 39 No target in view!
You barely miss the goblin. The goblin hits you.
You take 3 damage, and have 36/39 hp.
You closely miss the goblin. The goblin barely misses you.
The goblin barely misses you.
You hit the goblin.
You kill the goblin!
No target in view!
No target in view!
f - an orange potion;
m - a scroll labeled WOHETO JEHEALA Eat which item? (? for menu, Esc to quit)
Okay, then.
An adder comes into view.
You completely miss the adder. The adder bites you.
You are poisoned.
The adder poisons you!
You take 1 damage, and have 37/39 hp.
You hit the adder but do no damage.
You feel sick. The adder barely misses you. The adder bites you.
You take 4 damage, and have 33/39 hp.
You hit the adder.
You feel sick. The adder bites you.
You are more poisoned.
The adder poisons you!
You take 1 damage, and have 32/39 hp.
You hit the adder but do no damage.
You feel sick. The adder bites you but does no damage.
You take 1 damage, and have 31/39 hp.
You closely miss the adder.
You feel sick. The adder bites you. The adder bites you.
You take 9 damage, and have 22/39 hp.
MASSIVE DAMAGE!!
You hit the adder.
You feel sick. The adder bites you but does no damage.
You take 1 damage, and have 21/39 hp.
You closely miss the adder.
You feel sick. The adder closely misses you.
The adder bites you but does no damage.
You take 1 damage, and have 20/39 hp.
You hit the adder. The adder bites you.
You take 4 damage, and have 16/39 hp.
You miss the adder.
You feel sick. The adder bites you but does no damage.
You take 1 damage, and have 15/39 hp.
You hit the adder.
You feel sick. The adder barely misses you. The adder bites you.
You take 1 damage, and have 14/39 hp.
You barely miss the adder. The adder bites you.
You are more poisoned.
The adder poisons you!
You take 1 damage, and have 13/39 hp.
You barely miss the adder.
* * * LOW HITPOINT WARNING * * *
You feel sick. The adder completely misses you. The adder bites you.
* * * LOW HITPOINT WARNING * * *
You take 4 damage, and have 9/39 hp.
Unknown command.
You closely miss the adder.
* * * LOW HITPOINT WARNING * * *
You feel sick. The adder bites you but does no damage.
You take 1 damage, and have 8/39 hp.
Drink which item? (? for menu, Esc to quit)
It was a potion of brilliance.
You feel clever all of a sudden. The adder bites you.
* * * LOW HITPOINT WARNING * * *
You take 2 damage, and have 6/39 hp.
Drink which item? (? for menu, Esc to quit)
It was a potion of mutation.
You feel extremely strange.
You feel stupid.
You feel the urge to shout.
Icy blue scales grow over part of your body.
* * * LOW HITPOINT WARNING * * *
You feel sick. The adder closely misses you.
The adder bites you but does no damage.
You take 1 damage, and have 5/39 hp.
Drink which item? (? for menu, Esc to quit)
It was a potion of curing.
You feel better. The adder misses you.
You regained 11 hp, and now have 16/39 hp.
You barely miss the adder. The adder barely misses you.
You completely miss the adder. The adder barely misses you.
The adder bites you but does no damage.
You hit the adder but do no damage. The adder bites you.
You take 4 damage, and have 13/39 hp.
You barely miss the adder. The adder barely misses you.
The adder barely misses you.
You closely miss the adder. The adder bites you.
* * * LOW HITPOINT WARNING * * *
You are poisoned.
The adder poisons you!
A goblin comes into view. It is wielding a dagger.
You take 2 damage, and have 11/39 hp.
The goblin shouts!
You hit the adder but do no damage.
You feel sick. The adder barely misses you. The adder misses you.
You take 1 damage, and have 10/39 hp.
You barely miss the adder. The adder bites you.
* * * LOW HITPOINT WARNING * * *
You take 1 damage, and have 9/39 hp.
You hit the adder.
You feel sick. The adder bites you.
* * * LOW HITPOINT WARNING * * *
The adder bites you.
You die...

#.# #.# #.#### #.#
#.# #.# #.# #.#
##.#### ###.#
#.####.#....
..#.###.....###...
#.#.##...###.#.###
#.#...........##
#S####...###..#
...###@#####.####..#
#......g.........<#
....###.#########...#
.. #.# #...# #.#
##... #.# #._#. ..#
##.#. (.# #.#.# ..
......


You could see an adder and a goblin.

Vanquished Creatures
  Jessica (D:2)
  A worm (D:2)
  3 bats
  2 giant cockroaches
  7 goblins
  2 hobgoblins
  A giant newt (D:1)
  A kobold (D:2)
  3 rats
21 creatures vanquished.

Notes
Turn   | Place    | Note
--------------------------------------------------------------
     0 | D:1      | esc the Ogre Hunter began the quest for the Orb.
     0 | D:1      | Reached XP level 1. HP: 22/22 MP: 1/1
   226 | D:1      | Reached skill level 3 in Fighting
   226 | D:1      | Reached skill level 2 in Dodging
   396 | D:1      | Reached XP level 2. HP: 29/31 MP: 2/2
  1064 | D:2      | HP: 1/31 [worm (11)]
  1367 | D:2      | Noticed Jessica
  1379 | D:2      | Killed Jessica
  1379 | D:2      | Reached XP level 3. HP: 17/39 MP: 3/3
  1389 | D:2      | Found a shimmering altar of Xom.
  1595 | D:2      | HP: 9/39 [adder (2)]
  1598 | D:2      | Gained mutation: You are dopey. (Int -2) [potion of mutation]
  1598 | D:2      | Gained mutation: You occasionally shout uncontrollably at your foes. [potion of mutation]
  1598 | D:2      | Gained mutation: You are partially covered in icy blue scales (AC +1). [potion of mutation]
  1606 | D:2      | HP: 9/39 [adder (1)]
  1607 | D:2      | HP: 3/39 [adder (5)]
  1607 | D:2      | Slain by an adder

Vault maps used:
D:1:      matt_arrival_refuge
D:2:      overflow_temple_1_default, cheibriados_altar_wand_db,
          lemuel_coloured_pillars_altar, uniq_jessica

Action                   || total
-------------------------++-------
Melee: Short sword       ||   122
Throw: Large rock        ||     7
       Throwing net      ||     2
  Use: Potion            ||     3
  Eat: Chunk             ||     1

Vault maps used:
D:1:      matt_arrival_refuge
D:2:      overflow_temple_1_default, cheibriados_altar_wand_db,
          lemuel_coloured_pillars_altar, uniq_jessica

Table legend:
 A = Turns spent in this place as a percentage of turns spent in the entire game.
 B = Non-inter-level travel turns spent in this place as a percentage of non-inter-level travel turns spent in the entire game.
 C = Inter-level travel turns spent in this place as a percentage of turns spent in this place.
 D = Turns resting spent in this place as a percentage of non-inter-level travel turns spent in this place.
 E = Turns spent auto-exploring this place as a percentage of non-inter-level travel turns spent in this place.
 F = Non-inter-level travel turns spent in this place divided by the number of levels of this place that you've seen.
                   A       B       C       D       E      F
               +-------+-------+-------+-------+-------+----------------------
         Total | 100.0 | 100.0 |   0.3 |   1.2 |  10.4 | 164.0
       Dungeon | 100.0 | 100.0 |   0.3 |   1.2 |  10.4 | 164.0
               +-------+-------+-------+-------+-------+----------------------

Table legend:
 A = Kills in this place as a percentage of kills in entire the game.
 B = Kills by you in this place as a percentage of kills by you in the entire game.
 C = Kills by friends in this place as a percentage of kills by friends in the entire game.
 D = Other kills in this place as a percentage of other kills in the entire game.
 E = Experience gained in this place as a percentage of experience gained in the entire game.
 F = Experience gained in this place divided by the number of levels of this place that you have seen.
                   A       B       C       D       E      F
               +-------+-------+-------+-------+-------+----------------------
         Total | 100.0 | 100.0 |  -nan |  -nan | 100.0 |  36.0
       Dungeon | 100.0 | 100.0 |  -nan |  -nan | 100.0 |  36.0
               +-------+-------+-------+-------+-------+----------------------
